 Dungeon Crawl Stone Soup version 0.28-a0-1235-g7c8fac35f0 (webtiles) character file.

Game seed: 506864259834684752

77 HessuHobo the Sneak (level 4, -1/22 HPs)
             Began as a Spriggan Enchanter on Dec 25, 2021.
             Slain by a goblin (3 damage)
             ... led by Robin
             ... on level 1 of the Dungeon.
             The game lasted 00:08:33 (2243 turns).

HessuHobo the Sneak (Spriggan Enchanter)            Turns: 2243, Time: 00:08:33

Health: -1/22      AC:  2    Str:  4    XL:     4   Next: 14%
Magic:  3/10       EV: 17    Int: 18    God:
Gold:   108        SH:  0    Dex: 15    Spells: 5/10 levels left

rFire   + . .      SeeInvis +   a - +1 dagger
rCold   + . .      Faith    .   (shield restricted)
rNeg    . . .      Spirit   .   b - +0 robe
rPois   +          Reflect  .   (helmet restricted)
rElec   +          Harm     .   (no cloak)
rCorr   +          Rampage  .   (gloves unavailable)
Will    .....                   (boots unavailable)
Stlth   +++.......              (no amulet)
HPRegen 0.07/turn               (no ring)
MPRegen 0.12/turn               (no ring)

@: lethally poisoned (-1 -> -6), resistant, very quick
A: very small, no large weapons, unfitting armour, see invisible, speed 3
a: no special abilities


You were on level 1 of the Dungeon.
You visited 1 branch of the dungeon, and saw 2 of its levels.

You collected 108 gold pieces.

Inventory:

Hand Weapons
 a - a +1 dagger (weapon)
Missiles
 g - 70 stones (quivered)
Armour
 b - a +0 robe (worn)
Scrolls
 f - a scroll of blinking
 i - a scroll of magic mapping {unknown}
 l - a scroll of immolation {unknown}
 n - a scroll of amnesia {unknown}
Potions
 c - a potion of invisibility
 d - a potion of resistance
 e - a potion of berserk rage {unknown}
 h - a potion of might {unknown}
 j - a potion of ambrosia {unknown}
 k - a potion of attraction {unknown}
 m - a potion of lignification {unknown}


   Skills:
 + Level 1.3 Fighting
 + Level 2.3 Short Blades
 - Level 2.6 Dodging
 - Level 4.4 Stealth
 + Level 3.6 Spellcasting
 + Level 4.3 Hexes


You had 5 spell levels left.
You knew the following spells:

 Your Spells              Type           Power      Damage    Failure   Level
a - Ensorcelled Hibernat  Hex/Ice        22%        N/A       10%         2
b - Tukima's Dance        Hex            19%        N/A       8%          3

Your spell library contained the following spells:

 Spells                   Type           Power      Damage    Failure   Level
 Confusing Touch          Hex            19%        N/A       8%          3
 Dazzling Flash           Conj/Hex       22%        N/A       19%         3
 Passage of Golubria      Tloc           3%         N/A       83%         4
 Yara's Violent Unravell  Hex/Tmut       5%         3d4       86%         5


Dungeon Overview and Level Annotations

Branches:
Dungeon (2/15)

Altars:

Shops:
D:2 =

Annotations:
D:2 Robin


Innate Abilities, Weirdness & Mutations

You are very small and have problems with some larger weapons.
You are too small for most types of armour.
You have supernaturally acute eyesight. (SInv)
You cover ground extremely quickly. (Speed+++)


Message History

You impale the goblin!!
You kill the goblin!
Robin throws the goblin at you!
The goblin unwields a +0 hunting sling.
The goblin wields a +2 dagger of venom.
It begins to drip with poison!
The goblin hits you with a +2 dagger of venom.
You are poisoned.
You feel sick. Robin throws the goblin at you!
The goblin hits you with a +2 dagger of venom.
You are lethally poisoned!
The goblin barely misses you.
You climb upwards.
You feel very sick.
There is a stone staircase leading down here.
Casting: Ensorcelled Hibernation (safe; 10% risk of failure)
Confirm with . or Enter, or press ? or * to list all spells.
Aiming: Ensorcelled Hibernation (safe; 10% risk of failure)
Press: ? - help, Shift-Dir - straight line, f - goblin
Aim: a goblin, wielding a +2 dagger of venom and quivering stones (strong, chance to affect: 60%)
The goblin looks drowsy...
You feel sick.
Okay, then.
Okay, then.
You feel protected.
* * * LOW HITPOINT WARNING * * *
You feel sick.
The goblin shouts!
The goblin closely misses you.
You hit the goblin.
The goblin is severely wounded.
* * * LOW HITPOINT WARNING * * *
You feel sick. The goblin misses you.
Casting: Ensorcelled Hibernation (safe; 10% risk of failure)
Confirm with . or Enter, or press ? or * to list all spells.
Aiming: Ensorcelled Hibernation (safe; 10% risk of failure)
Press: ? - help, Shift-Dir - straight line, f/p - goblin
Aim: a goblin, wielding a +2 dagger of venom and quivering stones (severely wounded, strong, not susceptible)
The goblin is unaffected.
* * * LOW HITPOINT WARNING * * *
You feel sick.
The goblin hits you with a +2 dagger of venom.
You die...

#...........#..#..###
#...........#.....#
#...........#)#...#
#..[........#.#...#
#############.#...#
#...........#.#...#
#...........#.#...# #######
#...........#.#.g.# #.....#
................@.# #.###.#
...........รท#.###.####.#
#.# ....##....###.# #......#
#.#
....##....###.############.#
######....#...##...........#
#....#.####.###########
######....#.# #.#
..........#.# #.#
#####.....#.####.#


You could see a goblin (strong).

Vanquished Creatures
  Jessica (D:2)
  A dart slug (D:2)
  5 ball pythons
  5 bats
  4 endoplasms
  2 giant cockroaches (D:1)
  2 jackals (D:2)
  4 kobolds
  A quokka (D:2)
  2 frilled lizards (D:1)
  13 goblins
  4 rats
44 creatures vanquished.

Notes
Turn   | Place    | Note
-------+----------+-------------------------------------------
     0 | D:1      | HessuHobo the Spriggan Enchanter began the quest for the
                  | Orb.
     0 | D:1      | Reached XP level 1. HP: 9/9 MP: 5/5
   297 | D:1      | Reached XP level 2. HP: 14/14 MP: 6/6
   595 | D:1      | Found a faded altar of an unknown god.
  1247 | D:2      | Learned a level 2 spell: Ensorcelled Hibernation
  1254 | D:2      | Found Poit's Jewellery Boutique.
  1260 | D:2      | Noticed Robin
  1351 | D:2      | Noticed Jessica
  1354 | D:2      | Killed Jessica
  1355 | D:2      | Reached skill level 1 in Fighting
  1355 | D:2      | Reached XP level 3. HP: 18/18 MP: 8/8
  1635 | D:2      | Learned a level 3 spell: Tukima's Dance
  1866 | D:2      | Reached XP level 4. HP: 18/22 MP: 2/10
  2243 | D:1      | Slain by a goblin

Illustrated notes

Levels and vault maps discovered:
D:1:      nagdon_arrival_zigzag_paths, layout_basic,
          ebering_ecumenical_altar_hall
D:2:      layout_rooms, serial_shops, nicolae_shop_advertising_works
          [nicolae_subvault_shop_adworks], guppyfry_early_lair_pool,
          uniq_jessica, uniq_robin, uniq_crazy_yiuf_cottage

Skill      XL: |  1  2 |
---------------+-------+-----
Spellcasting   | 3 |  3.6
Hexes          | 4 |  4.3
Fighting       | 1 |  1.3
Short Blades   | 2 |  2.3
Dodging        | |  2.6
Stealth        | |  4.4

Action                   |  1- 3 |  4- 6 || total
-------------------------+-------+-------++-------
Melee: Dagger            |    99 |    12 ||   111
Throw: Stone             |     4 |     4 ||     8
 Cast: Ensorcelled Hiber |    11 |    14 ||    25
       Tukima's Dance    |     1 |       ||     1
  Use: Scroll            |     1 |       ||     1
       Potion            |       |     1 ||     1
 Stab: Sleeping          |    19 |     6 ||    25
Armor: Robe              |    18 |       ||    18
Dodge: Dodged            |    94 |     8 ||   102

Table legend: (Time is in decaauts)
 A = Elapsed time spent in this place.
 B = Non-inter-level travel time spent in this place.
 C = Inter-level travel time spent in this place.
 D = Time resting spent in this place.
 E = Time spent auto-exploring this place.
 F = Levels seen in this place.
 G = Mean time per level.
                   A        B        C        D        E       F      G
               +--------+--------+--------+--------+--------+-----+--------+
         Total |   1793 |   1766 |     27 |    858 |    411 |   2 |  896.5 |
       Dungeon |   1793 |   1766 |     27 |    858 |    411 |   2 |  896.5 |
               +--------+--------+--------+--------+--------+-----+--------+

Top non-repeatable levels by time:
     D:1: 1021 daAuts
     D:2: 771 daAuts
